 Dungeon Crawl Stone Soup version 0.27.0-65-ge2af304b15 (webtiles) character file.

Game seed: 16000711636706255835

2651 Froggeryz the Slicer (level 9, -8/56 HPs)
             Began as an Octopode Berserker on Aug 19, 2021.
             Was a Priest of Trog.
             Mangled by a gnoll (11 damage)
             ... on level 7 of the Dungeon.
             The game lasted 00:04:45 (6468 turns).

Froggeryz the Slicer (Octopode Berserker)           Turns: 6468, Time: 00:04:46

Health: -8/56      AC:  1    Str: 17    XL:     9   Next: 62%
Magic:  9/9        EV: 13    Int: 13    God:    Trog [***...]
Gold:   107        SH:  0    Dex: 13    Spells: 8/8 levels left

rFire    . . .     SeeInvis .   a - +0 short sword
rCold    . . .     Faith    .   (no shield)
rNeg     . . .     Spirit   .   r - +0 hat {Int+3}
rPois    .         Reflect  .   (no amulet)
rElec    .         Harm     .   (no ring)
rCorr    .         Rampage  .   (no ring)
Will     ++...                  (no ring)
Stlth    +++++.....             (no ring)
HPRegen  1.18/turn              (no ring)
MPRegen  0.11/turn              (no ring)
                                (no ring)
                                (no ring)

@: lethally poisoned (-8 -> -9), strong-willed, on berserk cooldown,
regenerating, slowed, very slow
A: almost no armour, amphibious, 8 rings, camouflage 1, gelatinous body 1,
(nimble swimmer 1), tentacles
a: Renounce Religion, Berserk, Trog's Hand


You were on level 7 of the Dungeon.
You worshipped Trog.
Trog was most pleased with you.
You visited 1 branch of the dungeon, and saw 7 of its levels.

You collected 217 gold pieces.
You spent 110 gold pieces at shops.

Inventory:

Hand Weapons
 a - a +0 short sword (weapon)
Armour
 q - a +0 buckler
 r - a +0 hat of intelligence (worn)
Jewellery
 u - a +6 ring of strength
Wands
 s - a wand of iceblast (13)
 v - a wand of paralysis (4)
Scrolls
 b - 2 scrolls of teleportation {unknown}
 d - a scroll of silence
 h - 2 scrolls of enchant weapon {unknown}
 i - a scroll of fog
 j - a scroll of magic mapping {unknown}
 l - a scroll of immolation {unknown}
 m - a scroll of summoning
 t - 2 scrolls of blinking {unknown}
Potions
 c - a potion of invisibility {unknown}
 e - a potion of lignification {unknown}
 f - 2 potions of mutation {unknown}
 g - 2 potions of might {unknown}
 k - 3 potions of heal wounds
 n - a potion of degeneration {unknown}
 o - a potion of brilliance {unknown}
 p - a potion of berserk rage {unknown}


   Skills:
 - Level 3.0 Fighting
 * Level 10.6 Short Blades
 - Level 3.0 Dodging
 - Level 9.2 Stealth
 * Level 4.0 Shields


You had 8 spell levels left.
You didn't know any spells.
Your spell library was empty.

Dungeon Overview and Level Annotations

Branches:
Dungeon (7/15)             Temple (0/1) D:4

Altars:
Makhleb
Nemelex Xobeh
Uskayaw

Shops:
D:4 [


Innate Abilities, Weirdness & Mutations

You cannot wear most types of armour.
You are amphibious.
You can wear up to eight rings at the same time.
Your skin changes colour to match your surroundings (Stealth+).
Your rubbery body absorbs attacks. (AC +1, EV +1)
((You are camouflaged near water. (Stealth+)))
You have tentacles for arms and can constrict up to eight enemies at once.


Message History

You kill the gnoll sergeant!
Trog accepts your kill.
You feel sick.
You closely miss the orc priest. Your grab misses the orc priest.
You feel sick. The gnoll closely misses you.
The gnoll throws a throwing net.
The throwing net barely misses you.
Something gets caught in the net!
Something wriggles in the net.
You puncture the orc priest! You grab the orc priest.
The orc priest is heavily wounded.
You constrict the orc priest.
You feel sick.
You puncture the orc priest!
You kill the orc priest!
Trog accepts your kill.
You feel sick. The gnoll closely misses you.
You barely miss something. The gnoll misses you.
Something wriggles in the net.
You puncture something! You squeeze something. Trog accepts your kill.
Trog appreciates your killing of a magic user.
Reactivating autopickup.
You feel a bit more experienced.
You feel sick.
Your Shields skill increases to level 4!
You feel sick. The gnoll hits you with a +0 halberd.
* * * LOW HITPOINT WARNING * * *
Items here: )) [ †.
You hit the gnoll. Your grab misses the gnoll. You squeeze the gnoll!
You kill the gnoll!
Trog accepts your kill.
You feel sick.
You feel sick.
Things that are here:
a +0 halberd; a gnoll corpse You feel a strong urge to attack something.
You are no longer berserk.
You are exhausted.
You feel yourself slow down.
Items here: )) [ †.
You hit the gnoll. Your grab misses the gnoll. You squeeze the gnoll.
The gnoll is moderately wounded.
You feel sick. The gnoll hits you with a +0 halberd!
You die...

#.....# ##<....#
#....... . #.......#
##. ##....# .#
#.#.#.....#..#
......?...#..### #####
#.##))#.#..=.. #....
#.)g@).....# #.###
####......## #.#..
#.##.### #.#.#
...#...# #....
#####...# #..†# #...#
#.### #...# ###.###
#...# #......
#######...######.#.#.#


You could see a gnoll.

Vanquished Creatures
  Pikel (D:5)
  A hornet (D:7)
  Sigmund (D:4)
  Menkaure (D:5)
  Duvessa (D:4)
  An ice beast (D:5)
  A necrophage (D:5)
  A black bear (D:5)
  An ogre (D:6)
  A centaur (D:5)
  A lemure (D:5)
  Blork the orc (D:4)
  A phantom (D:5)
  A bullfrog (D:7)
  A kobold brigand (D:7)
  A gnoll sergeant (D:7)
  2 scorpions (D:7)
  Dowan (D:4)
  A water moccasin skeleton (D:5)
  2 bullfrog zombies
  A centaur skeleton (D:6)
  3 orc priests
  A bullfrog skeleton (D:5)
  4 hounds
  Crazy Yiuf (D:3)
  3 iguanas
  4 orc wizards
  2 gnolls (D:7)
  4 adders
  A worm (D:2)
  A dart slug (D:3)
  14 orcs
  6 ball pythons
  2 bats
  5 endoplasms
  2 giant cockroaches
  11 goblins
  8 hobgoblins
  11 jackals
  2 quokkas
  3 frilled lizards (D:3)
  7 kobolds
  8 rats
126 creatures vanquished.

Notes
Turn   | Place    | Note
-------+----------+-------------------------------------------
     0 | D:1      | Froggeryz the Octopode Berserker began the quest for the
                  | Orb.
     0 | D:1      | Reached XP level 1. HP: 16/16 MP: 1/1
   140 | D:1      | Reached skill level 1 in Stealth
   156 | D:1      | Reached XP level 2. HP: 3/21 MP: 2/2
   566 | D:1      | Reached XP level 3. HP: 19/26 MP: 3/3
   686 | D:1      | Found a faded altar of an unknown god.
   706 | D:1      | Reached ** piety under Trog
  1101 | D:2      | Reached skill level 4 in Short Blades
  1952 | D:2      | Reached XP level 4. HP: 22/31 MP: 4/4
  2442 | D:3      | Found a burning altar of Makhleb.
  2937 | D:3      | Found a runed translucent door.
  2938 | D:3      | Noticed Crazy Yiuf
  2943 | D:3      | Killed Crazy Yiuf
  2944 | D:3      | Reached XP level 5. HP: 36/36 MP: 5/5
  3140 | D:4      | Reached skill level 5 in Short Blades
  3496 | D:4      | Found Sixeesha's Armour Emporium.
  3497 | D:4      | Noticed Sigmund
  3499 | D:4      | Noticed Dowan
  3500 | D:4      | Noticed Duvessa
  3506 | D:4      | Killed Sigmund
  3507 | D:4      | Reached skill level 6 in Short Blades
  3507 | D:4      | Reached skill level 5 in Stealth
  3507 | D:4      | Reached XP level 6. HP: 42/42 MP: 6/6
  3516 | D:4      | Killed Duvessa
  3517 | D:4      | Reached XP level 7. HP: 46/46 MP: 7/7
  3518 | D:4      | Killed Dowan
  3708 | D:4      | Bought a +0 hat of intelligence for 110 gold pieces
  3713 | D:4      | Found a staircase to the Ecumenical Temple.
  3898 | D:4      | Noticed Blork the orc
  3911 | D:4      | Killed Blork the orc
  3912 | D:4      | Reached skill level 7 in Short Blades
  4245 | D:5      | Entered Level 5 of the Dungeon
  4262 | D:5      | Noticed Pikel
  4272 | D:5      | Killed Pikel
  4272 | D:5      | Reached *** piety under Trog
  4273 | D:5      | Reached skill level 8 in Short Blades
  4273 | D:5      | Reached XP level 8. HP: 52/52 MP: 8/8
  4378 | D:5      | Noticed a +0 hand axe
  4379 | D:5      | Found a hide-covered altar of Uskayaw.
  4379 | D:5      | Noticed a +0 dagger
  4380 | D:5      | Noticed Menkaure
  4383 | D:5      | Killed Menkaure
  4541 | D:5      | Reached skill level 9 in Short Blades
  4673 | D:5      | Found a sparkling altar of Nemelex Xobeh.
  4989 | D:5      | Reached XP level 9. HP: 56/56 MP: 9/9
  5346 | D:6      | Reached skill level 1 in Shields
  5746 | D:6      | Reached skill level 10 in Short Blades
  5852 | D:6      | You fall into a shaft and drop 1 floor!
  5853 | D:7      | Noticed a hornet
  5855 | D:7      | Killed a hornet
  6464 | D:7      | HP: 4/84 [gnoll (2)]
  6468 | D:7      | Mangled by a gnoll

Illustrated notes

Levels and vault maps discovered:
D:1:      lemuel_arrival_behind_the_door_large, layout_rooms,
          hellmonk_ecumenical_altar_run_dry, kennysheep_doodads, nrook_uturn,
          minmay_misc_feat_diagonals, minmay_unequal
D:2:      layout_loops_ring
D:3:      layout_basic, mainiacjoe_overflow_cross_hatched,
          uniq_crazy_yiuf_cottage
D:4:      layout_rooms, minmay_temple_entry_sparse_star, serial_shops, shop,
          uniq_sigmund, uniq_blork_the_orc, uniq_duvessa
D:5:      layout_loops_ring, dancing_weapons_uskayaw, overflow_temple_1_default,
          uniq_menkaure, uniq_pikel
D:6:      lemuel_slime, layout_basic
D:7:      layout_loops_cross, serial_shops, nicolae_inconvenience_store

Skill      XL: |  1  2  3  4  5  6  7  8  9 |
---------------+----------------------------+-----
Stealth        | 1 2 3 5 7 9 |  9.2
Short Blades   | 4 6 8 9 10 | 10.6
Shields        | 4 |  4.0
Fighting       | |  3.0
Dodging        | |  3.0

Action                   |  1- 3 |  4- 6 |  7- 9 || total
-------------------------+-------+-------+-------++-------
Melee: Short sword       |    63 |    72 |   159 ||   294
       Constrict         |    16 |     9 |    32 ||    57
       Tentacles         |     7 |    12 |    38 ||    57
Invok: Berserk           |     1 |     2 |     5 ||     8
       Trog's Hand       |       |     1 |     1 ||     2
  Use: Scroll            |       |       |     6 ||     6
       Potion            |       |       |     1 ||     1
 Stab: Sleeping          |     6 |    13 |    16 ||    35
       Distracted        |     1 |       |       ||     1
Armor: Skin              |     3 |     2 |     2 ||     7
Dodge: Dodged            |    33 |    36 |    86 ||   155
